 Dungeon Crawl Stone Soup version 0.17.1-1-g73c8601 (webtiles) character file.

34 Arkorax the Charlatan (level 3, -8/18 HPs)
             Began as a Spriggan Artificer on Dec 21, 2015.
             Killed themself with a badly aimed fireball (19 damage)
             ... on level 2 of the Dungeon.
             The game lasted 00:02:27 (1246 turns).

Arkorax the Charlatan (Spriggan Artificer)          Turns: 1246, Time: 00:02:27

Health: -8/18      AC:  6    Str:  7    XL:     3   Next: 14%
Magic:  7/7        EV: 19    Int: 13    God:
Gold:   54         SH:  0    Dex: 17    Spells: 0 memorised, 2 levels left

rFire  . . .     SeeInvis +     a - +0 short sword
rCold  . . .     Clarity  .     b - +0 robe
rNeg   . . .     SustAt   .     (shield restricted)
rPois  .         Gourm    .     (helmet restricted)
rElec  .         Spirit   .     r - +0 cloak (curse)
rCorr  .         Warding  .     (gloves unavailable)
rMut   .         Stasis   .     (boots unavailable)
MR     .....                    (no amulet)
Stlth  ++........               (no ring)
                                m - +3 ring of protection

@: lethally poisoned (-8 -> -11), very quick, not resistant to hostile
enchantments, unstealthy
A: unfitting armour, see invisible, herbivore 3, speed 3, slow metabolism 2
a: no special abilities


You were on level 2 of the Dungeon.
You were not hungry.

You visited 1 branch of the dungeon, and saw 2 of its levels.

You collected 54 gold pieces.

Inventory:

Hand Weapons
 a - a +0 short sword (weapon)
Armour
 b - a +0 robe (worn)
 h - a +0 buckler
 r - a cursed +0 cloak (worn)
Jewellery
 m - a +3 ring of protection (left hand)
 q - a +1 ring of protection
Wands
 c - a wand of flame (12)
 d - a wand of enslavement (15)
 e - a wand of random effects (14)
Scrolls
 g - 3 scrolls of identify {unknown}
 i - a scroll of enchant armour {unknown}
 j - a scroll of recharging {unknown}
 k - a scroll of blinking {unknown}
 n - a scroll of remove curse {unknown}
Potions
 l - a potion of lignification {unknown}
 p - a potion of mutation {unknown}
Comestibles
 f - a bread ration
 o - a royal jelly


   Skills:
 + Level 1.2 Fighting
 - Level 1.1 Short Blades
 + Level 4.1 Dodging
 - Level 1.5 Stealth
 + Level 4.7 Evocations


You had 2 spell levels left.
You didn't know any spells.

Dungeon Overview and Level Annotations

Branches:
Dungeon (2/15)

Altars:
Dithmenos


Innate Abilities, Weirdness & Mutations

You are tiny and cannot use many weapons and most armour.
You have supernaturally acute eyesight.
You are a herbivore.
You cover ground extremely quickly.
You need consume almost no food.


Message History

You feel sick.
You feel sick.
Evoke which item? (* to show all) (? for menu, Esc to quit)
You don't have any such object.
Evoke which item? (* to show all) (? for menu, Esc to quit)
Okay, then.
Evoke which item? (* to show all) (? for menu, Esc to quit)
Zapping:
e - a wand of random effects (15)
Press: ? - help, Shift-Dir - straight line, f - adder
Aim: an adder The adder seems to speed up.
This wand has 14 charges left.
You feel sick.
Evoke which item? (* to show all) (? for menu, Esc to quit)
Zapping:
e - a wand of random effects (14)
Press: ? - help, Shift-Dir - straight line, f/p - adder
Aim: an adder (fast)
The fireball explodes!
The fireball engulfs the adder.
The adder is severely wounded.
The fireball engulfs you!
Ouch! That really hurt!
You die...

....#......###.#.########
....#......###.#........#
..#.#............###.##.#
.#§§§####......#####....#
#§#.#§#............>....#
.§._§§§...###.######...##
#§#§#.#...............##
.#§§.###...#.#####.#..#
###§#......g...S@..#..#
##..####.....####.....#
##.## #.##### ..#### ##.#
#...# .## ...# #...# ##
##.# #...# #.# #...#
##.## #...# ...(# #...#


You could see an adder and a hobgoblin.

Vanquished Creatures
  An ooze (D:2)
  A giant gecko (D:1)
  A ball python (D:1)
  3 goblins
  3 hobgoblins (D:1)
  3 jackals (D:1)
  2 kobolds (D:1)
  7 bats
  3 giant newts (D:1)
  3 rats (D:1)
27 creatures vanquished.

Notes
Turn   | Place    | Note
--------------------------------------------------------------
     0 | D:1      | Arkorax the Spriggan Artificer began the quest for the Orb.
     0 | D:1      | Reached XP level 1. HP: 9/9 MP: 4/4
   404 | D:1      | Reached skill level 1 in Fighting
   566 | D:1      | Reached XP level 2. HP: 14/14 MP: 6/6
  1105 | D:2      | Found a shadowy altar of Dithmenos.
  1132 | D:2      | Reached XP level 3. HP: 12/18 MP: 7/7
  1246 | D:2      | Killed themself with a badly aimed fireball

Action                   || total
-------------------------++-------
Melee: Short sword       ||    77
Evoke: Wand              ||     4
 Stab: Sleeping          ||     1
